 Dungeon Crawl Stone Soup version 0.28.0 (webtiles) character file.

Game seed: 16904680473413904772

465 unlimited1921 the Magician (level 7, -10/50 HPs)
             Began as a Djinni Fire Elementalist on Feb 5, 2022.
             Was an Initiate of Yredelemnul.
             Mangled by a wyvern (13 damage)
             ... on level 7 of the Dungeon.
             The game lasted 00:29:03 (7194 turns).

unlimited1921 the Magician (DjFE)                   Turns: 7194, Time: 00:29:06

Health: -10/50     AC:  8    Str:  7    XL:     7   Next: 29%
Gold:   139        EV: 12    Int: 18    God:    Yredelemnul [......] SH:  0 Dex: 14

rFire   + + .      SeeInvis .   g - +1 short sword (freeze)
rCold   x . .      Faith    .   (no shield)
rNeg    + . .      Spirit   .   l - +0 leather armour
rPois   ∞          Reflect  .   (no helmet)
rElec   .          Harm     .   (no cloak)
rCorr   .          Rampage  .   h - +0 pair of gloves
Will    .....                   (boots unavailable)
Stlth   ++........              (no amulet)
HPRegen 0.16/turn               u - ring of positive energy
MPRegen 0.00/turn               z - +4 ring of protection

@: flying
A: sickness immunity, fire resistance 2, cold vulnerability 1, float, innate
caster, HP casting, extra vitality 1
a: Renounce Religion, Recall Undead Harvest


You were on level 7 of the Dungeon.
You worshipped Yredelemnul.
Yredelemnul was noncommittal.
You visited 1 branch of the dungeon, and saw 5 of its levels.

You collected 139 gold pieces.

Inventory:

Hand Weapons
 g - a +1 short sword of freezing (weapon)
 r - a +0 long sword
 s - a +0 hunting sling
Missiles
 b - 29 sling bullets
 i - 4 poisoned darts (quivered)
 o - 22 arrows
Armour
 a - a +0 robe
 h - a +0 pair of gloves (worn)
 l - a +0 leather armour (worn)
Jewellery
 u - a ring of positive energy (left hand)
 w - a ring of ice
 z - a +4 ring of protection (right hand)
 A - a ring of magical power
 B - a ring of resist corrosion
Scrolls
 d - a scroll of fear {unknown}
 e - a scroll of silence {unknown}
 j - a scroll of fog {unknown}
 k - a scroll of enchant armour {unknown}
 n - a scroll of enchant weapon {unknown}
 y - a scroll of amnesia {unknown}
Potions
 c - a potion of brilliance {unknown}
 f - 2 potions of berserk rage {unknown}
 m - a potion of curing {unknown}
 p - 2 potions of flight {unknown}
 q - 3 potions of ambrosia {unknown}
 t - a potion of lignification {unknown}
 v - a potion of heal wounds {unknown}
 x - a potion of degeneration {unknown}


   Skills:
 * Level 3.0 Fighting
 + Level 0.2 Short Blades
 + Level 0.4 Throwing
 + Level 2.0 Armour
 + Level 2.9 Dodging
 + Level 2.3 Stealth
 + Level 4.5 Spellcasting
 + Level 0.1 Invocations


You couldn't memorise any spells.
You knew the following spells:

 Your Spells              Type           Power      Damage    Failure   Level
a - Foxfire               Conj/Fire      80%        2x1d8     3%          1
b - Scorch                Fire           40%        2d7       4%          2
c - Conjure Flame         Conj/Fire      20%        6-21      10%         3
d - Inner Flame           Hex/Fire       20%        N/A       10%         3
e - Flame Wave            Conj/Fire      20%        2d7       30%         4
f - Sting                 Tmut/Pois      80%        1d7       3%          1
g - Corpse Rot            Necr/Air       40%        N/A       4%          2
h - Gell's Gravitas       Tloc           20%        N/A       10%         3
Your spell library was empty.

Dungeon Overview and Level Annotations

Branches:
Dungeon (7/15)
 Temple: D:4-7

Altars:
Kikubaaqudgha
Makhleb
Ru
Yredelemnul


Innate Abilities, Weirdness & Mutations

You are immune to sickness and miasma.
You are immune to poison.
Your flesh is very heat resistant. (rF++)
You are vulnerable to cold. (rC-)
You float through the air rather than walking.
You learn spells naturally, not from books.
Your magical power is your life essence.
You have superior vitality. (+4 MHP)


Message History

Press ? for a list of commands and other information.
Cast which spell? (? or * to list)
Aiming: Inner Flame (dangerous; 10% risk of failure)
Press: ? - help, Dir - move target, f - orc warrior
Aim: an orc warrior, wielding a +0 war axe and wearing a +0 chain mail (heavily wounded, chance to affect: 75%)
The orc warrior is filled with an inner flame.
* * * LOW HITPOINT WARNING * * *
The orc priest invokes the aid of Beogh against you.
Beogh smites you!
* * * LOW HITPOINT WARNING * * *
The orc warrior hits you but does no damage.
Casting: Inner Flame (dangerous; 10% risk of failure)
Confirm with . or Enter, or press ? or * to list all spells.
You conjure some foxfire!
* * * LOW HITPOINT WARNING * * *
The orc misses you.
The orc warrior hits you with a +0 war axe.
* * * LOW HITPOINT WARNING * * *
The orc priest calls upon Beogh to heal the orc priest.
The orc priest is healed somewhat.
The foxfire hits the orc warrior but does no damage.
The orc warrior is heavily wounded.
The foxfire hits the orc warrior.
Flame seeps out of the orc warrior.
The orc warrior is heavily wounded.
The orc warrior is engulfed in blazing flames.
Flame seeps out of the orc warrior.
The orc misses you.
Casting: Foxfire (safe; 3% risk of failure)
Confirm with . or Enter, or press ? or * to list all spells.
You conjure some foxfire!
* * * LOW HITPOINT WARNING * * *
The orc priest calls upon Beogh to heal the orc.
The orc's wounds heal themselves!
The foxfire hits the wyvern.
The wyvern is moderately wounded.
The foxfire hits the wyvern.
The wyvern is moderately wounded.
The wyvern bites you!
You die...
Your body rises from the dead as a mindless zombie.

.>..#####..........#
)...#.............#
..................#
..#..............# .
....#####........# ..
....#..#.....#...#####..##
##..........###.##........
##..##.....##..##..# ....
#.........##..@.§.#..#
##....#....##..l.....#
###.##..####.##o#####
######## ####### ####o.##
##...#o.. #...####..oo....
##.o.##...######
#....##..### #
###.o......# #......###


You could see an orc warrior (inner flame), a wyvern, 2 orc priests and an orc.

Vanquished Creatures
  A water moccasin (D:7)
  Duvessa (D:4)
  Dowan (D:4)
  A hound (D:4)
  A centaur skeleton (D:4)
  Natasha (twice) (D:4)
  A spectral elf (D:4)
  2 adders (D:2)
  An ufetubus (D:7)
  3 dart slugs
  8 orcs (D:3)
  7 ball pythons
  6 bats
  5 endoplasms
  2 giant cockroaches (D:1)
  5 goblins
  5 hobgoblins
  4 jackals (D:1)
  A ball python zombie (D:4)
  4 kobolds
  7 rats
68 creatures vanquished.

Vanquished Creatures (others)
  A spectral ufetubus (D:7)
  287 foxfires
288 creatures vanquished.

Grand Total: 356 creatures vanquished

Notes
Turn   | Place    | Note
-------+----------+-------------------------------------------
     0 | D:1      | unlimited1921 the Djinni Fire Elementalist began the quest
                  | for the Orb.
     0 | D:1      | Reached XP level 1. HP: 15/15 MP: 0/0
   309 | D:1      | Reached XP level 2. HP: 18/21 MP: 0/0
   909 | D:1      | Found a faded altar of an unknown god.
  1104 | D:1      | Reached XP level 3. HP: 24/25 MP: 0/0
  1104 | D:1      | Learned a level 1 spell: Sting
  1868 | D:1      | Reached skill level 3 in Spellcasting
  3321 | D:2      | Reached XP level 4. HP: 28/31 MP: 0/0
  5098 | D:3      | Reached skill level 1 in Fighting
  5513 | D:3      | Found a sacrificial altar of Ru.
  5516 | D:3      | Found a basalt altar of Yredelemnul.
  5543 | D:3      | Became a worshipper of Yredelemnul the Dark
  5620 | D:4      | Reached XP level 5. HP: 28/37 MP: 0/0
  5620 | D:4      | Learned a level 2 spell: Corpse Rot
  6010 | D:4      | Found a burning altar of Makhleb.
  6141 | D:4      | Noticed Duvessa
  6147 | D:4      | Noticed Dowan
  6676 | D:4      | Killed Duvessa
  6677 | D:4      | Reached skill level 1 in Armour
  6677 | D:4      | Reached skill level 4 in Spellcasting
  6677 | D:4      | Reached XP level 6. HP: 35/43 MP: 0/0
  6683 | D:4      | Killed Dowan
  6684 | D:4      | Your ally Duvessa died
  6699 | D:4      | Noticed Natasha
  6704 | D:4      | Killed Natasha
  6851 | D:4      | Noticed Natasha
  6855 | D:4      | Killed Natasha
  7056 | D:4      | You are sucked into a shaft and drop 3 floors!
  7056 | D:7      | Noticed a water moccasin
  7063 | D:7      | Killed a water moccasin
  7064 | D:7      | Reached XP level 7. HP: 44/50 MP: 0/0
  7064 | D:7      | Learned a level 3 spell: Gell's Gravitas
  7162 | D:7      | Noticed a wyvern
  7181 | D:7      | HP: 2/50 [orc warrior (2)]
  7194 | D:7      | Mangled by a wyvern

Illustrated notes

Levels and vault maps discovered:
D:1:      wheals_arrival_linesprint, layout_basic, ebering_ecumenical_altar_box
D:2:      minmay_evil_eye, layout_basic, chequers_serial_rivers_small_b,
          hangedman_decor_riveting
D:3:      layout_basic, minitemple, guppyfry_early_orc_mine
D:4:      layout_gridville, mainiacjoe_overflow_24_doors, st_stairs_13,
          uniq_duvessa, uniq_crazy_yiuf_cottage, uniq_natasha
D:7:      layout_cave_pools, minmay_misc_feat_square, uniq_prince_ribbit1

Skill      XL: |  1  2  3  4  5  6 |
---------------+-------------------+-----
Spellcasting   | 3 4 |  4.5
Stealth        | 2 |  2.3
Fighting       | 1 2 3 |  3.0
Armour         | 1 2 |  2.0
Short Blades   | |  0.2
Throwing       | |  0.4
Dodging        | |  2.9
Invocations    | |  0.1

Action                   |  1- 3 |  4- 6 |  7- 9 || total
-------------------------+-------+-------+-------++-------
Melee: Short sword       |     2 |    10 |     1 ||    13
Throw: Dart              |       |     5 |     1 ||     6
 Cast: Foxfire           |    58 |   108 |    13 ||   179
       Inner Flame       |       |     1 |     1 ||     2
Invok: Recall Undead Har |       |     2 |       ||     2
Armor: Leather armour    |       |     8 |     2 ||    10
Dodge: Dodged            |    11 |    19 |     3 ||    33
